 Dungeon Crawl Stone Soup version 0.28-a0-1429-gf3d713df7a (webtiles) character file.

Game seed: 17034707614318572592

1577 HallandMoats the Skirmisher (level 8, -6/70 HPs)
             Began as a Ghoul Fighter on Jan 8, 2022.
             Mangled by Duvessa (8 damage)
             ... on level 5 of the Dungeon.
             The game lasted 00:06:27 (4982 turns).

HallandMoats the Skirmisher (Ghoul Fighter)         Turns: 4982, Time: 00:06:28

Health: -6/70      AC:  9    Str: 20    XL:     8   Next: 91%
Magic:  7/7        EV: 25    Int:  5    God:
Gold:   250        SH:  4    Dex:  8    Spells: 7/7 levels left

rFire   + . .      SeeInvis .   q - +10 mace of Nemelex Xobeh's Esteem {venom, rF+ rN+}
rCold   + . .      Faith    .   c - +0 buckler
rNeg    + + +      Spirit   .   b - +0 scale mail
rPois   ∞          Reflect  .   (no helmet)
rElec   .          Harm     .   u - +1 cloak
rCorr   .          Rampage  .   (no gloves)
Will    .....                   (no boots)
Stlth   ..........              v - amulet of the acrobat
HPRegen 0.00/turn               (no ring)
MPRegen 0.10/turn               (no ring)

@: acrobatic, inhibited regen, studying Throwing
A: claws 1, cold resistance 1, negative energy resistance 3, inhibited
regeneration, torment resistance 2
a: no special abilities


You were on level 5 of the Dungeon.
You visited 1 branch of the dungeon, and saw 5 of its levels.

You collected 250 gold pieces.

Inventory:

Hand Weapons
 q - the +10 mace of Nemelex Xobeh's Esteem (weapon) {venom, rF+ rN+}
   (You found it on level 3 of the Dungeon)

   It poisons the flesh of those it strikes.
   rF:        It protects you from fire.
   rN:        It protects you from negative energy.
Armour
 b - a +0 scale mail (worn)
 c - a +0 buckler (worn)
 u - a +1 cloak (worn)
Jewellery
 l - an amulet of faith
 v - an amulet of the acrobat (around neck)
Wands
 f - a wand of flame (12)
 w - a wand of charming (9)
Scrolls
 a - a scroll of noise {unknown}
 e - 3 scrolls of identify {unknown}
 g - 4 scrolls of teleportation {unknown}
 h - a scroll of magic mapping {unknown}
 j - 3 scrolls of holy word {unknown}
 m - a scroll of immolation {unknown}
 n - a scroll of enchant armour {unknown}
 o - 3 scrolls of silence {unknown}
 r - a scroll of torment {unknown}
Potions
 d - 3 potions of might
 i - a potion of curing {unknown}
 k - a potion of haste {unknown}
 p - a potion of mutation {unknown}
 s - a potion of heal wounds
 t - a potion of magic {unknown}


   Skills:
 + Level 6.2 Fighting
 * Level 5.5 Maces & Flails
 + Level 5.1 Armour
 + Level 4.2 Dodging
 - Level 4.3 Shields


You had 7 spell levels left.
You didn't know any spells.
Your spell library contained the following spells:

 Spells                   Type           Power      Damage    Failure   Level
 Static Discharge         Conj/Air       0%         N/A       96%         2
 Ignite Poison            Fire/Tmut/Pois 0%         N/A       99%         3
 Mephitic Cloud           Conj/Pois/Air  0%         N/A       99%         3
 Freezing Cloud           Conj/Ice/Air   0%         6-21      100%        5
 Lightning Bolt           Conj/Air       0%         1d11      100%        5
 Maxwell's Capacitive Co  Air            0%         ∞         100%        8


Dungeon Overview and Level Annotations

Branches:
Dungeon (5/15)
 Temple: D:4-7

Altars:
Uskayaw

Shops:
D:1 [

Annotations:
D:5 Duvessa


Innate Abilities, Weirdness & Mutations

You thrive by killing the living.
You are immune to poison.
You have sharp fingernails.
Your flesh is cold resistant. (rC+)
You are immune to negative energy. (rN+++)
You do not regenerate when monsters are visible.
You are immune to unholy pain and torment.


Message History

You hit Duvessa.
Duvessa is moderately wounded.
Duvessa barely misses you.
Duvessa hits you with a +0 short sword of speed.
Duvessa hits you but does no damage.
You are too injured to fight recklessly!
Duvessa rages.
Duvessa closely misses you. Duvessa completely misses you.
Duvessa completely misses you. Duvessa completely misses you.
Duvessa misses you. Duvessa barely misses you. Duvessa closely misses you.
Duvessa rages.
You block Duvessa's attack. Duvessa closely misses you. Duvessa misses you.
Duvessa misses you. Duvessa misses you.
Duvessa looks more healthy.
You block Duvessa's attack.
You barely miss Duvessa.
Duvessa is heavily wounded.
You block Duvessa's attack. Duvessa hits you but does no damage.
Duvessa hits you with a +0 short sword of speed.
You hit Duvessa.
Duvessa is heavily wounded.
You block Duvessa's attack. x2
You sock Duvessa!
Duvessa is poisoned.
Duvessa is severely wounded.
Duvessa barely misses you. Duvessa closely misses you.
Duvessa hits you with a +0 short sword of speed!
* * * LOW HITPOINT WARNING * * *
You block Duvessa's attack. Duvessa closely misses you.
Duvessa hits you with a +0 short sword of speed!
* * * LOW HITPOINT WARNING * * *
Duvessa hits you with a +0 short sword of speed!
You die...

###.####### #.# #.#
#.# #.# ##########
#.### #......[.#
##...######.######.#
##.#...........e.##.#
..###.######.###@##.#
#..#..# #.# #.##.#
##...## #.###.##.#
##.## #........# #.#
#.######## #.# #.#
##'## #.# ##...## #.#
#.....## #.##


You could see Duvessa (berserk, very poisoned).

Vanquished Creatures
  Grinder (D:5)
  Edmund (D:4)
  2 black bears
  2 ogres
  3 centaurs
  2 phantoms
  A scorpion (D:5)
  Dowan (D:5)
  A bullfrog zombie (D:3)
  A centaur zombie (D:5)
  A jelly (D:5)
  Crazy Yiuf (D:3)
  A hound (D:4)
  A gnoll shaman (D:5)
  A hound zombie (D:5)
  A howler monkey skeleton (D:5)
  4 gnolls (D:5)
  5 adders
  A white imp (D:4)
  An ufetubus (D:4)
  An adder skeleton (D:4)
  5 worms
  5 dart slugs
  An orc (D:3)
  5 endoplasms
  2 giant cockroaches
  6 goblins
  3 hobgoblins
  3 jackals (D:1)
  12 kobolds
  3 quokkas
  12 ball pythons
  7 bats
  2 frilled lizards
  2 rats
101 creatures vanquished.

Vanquished Creatures (others)
  2 fungi (D:3)
  20 plants (D:4)
  5 toadstools (D:3)
27 creatures vanquished.

Grand Total: 128 creatures vanquished

Notes
Turn   | Place    | Note
-------+----------+-------------------------------------------
     0 | D:1      | HallandMoats the Ghoul Fighter began the quest for the Orb.
     0 | D:1      | Reached XP level 1. HP: 19/19 MP: 0/0
   459 | D:1      | Reached XP level 2. HP: 26/26 MP: 1/1
   581 | D:1      | Found Avoe's Antique Armour Boutique.
   701 | D:1      | Found a faded altar of an unknown god.
   761 | D:1      | Reached XP level 3. HP: 29/31 MP: 2/2
  1183 | D:2      | Reached skill level 1 in Dodging
  1272 | D:2      | Noticed a black bear
  1294 | D:2      | Killed a black bear
  1295 | D:2      | Reached skill level 4 in Fighting
  1295 | D:2      | Reached XP level 4. HP: 27/40 MP: 3/3
  1295 | D:2      | Reached XP level 5. HP: 32/46 MP: 4/4
  1739 | D:3      | Noticed an ogre
  1755 | D:3      | Killed an ogre
  1756 | D:3      | Reached XP level 6. HP: 15/53 MP: 5/5
  2228 | D:3      | Found a runed translucent door.
  2228 | D:3      | Identified the +10 mace of Nemelex Xobeh's Esteem {venom,
                  | rF+ rN+}
  2229 | D:3      | Noticed Crazy Yiuf
  2362 | D:3      | Found a hide-covered altar of Uskayaw.
  2555 | D:3      | You fall into a shaft and drop 2 floors!
  2555 | D:5      | Entered Level 5 of the Dungeon
  2559 | D:5      | Noticed Dowan
  2571 | D:5      | Killed Dowan
  2573 | D:5      | Noticed Duvessa
  2586 | D:5      | Noticed Grinder
  2607 | D:5      | Paralysed by Grinder for 7 turns
  2614 | D:5      | Killed Grinder
  2615 | D:5      | Reached XP level 7. HP: 18/60 MP: 6/6
  2646 | D:4      | Reached skill level 5 in Fighting
  2973 | D:4      | Reached XP level 8. HP: 57/68 MP: 7/7
  3188 | D:4      | Noticed Edmund
  3610 | D:3      | Killed Crazy Yiuf
  3665 | D:4      | Killed Edmund
  4250 | D:5      | Reached skill level 5 in Maces & Flails
  4493 | D:5      | Reached skill level 6 in Fighting
  4613 | D:5      | Reached skill level 5 in Armour
  4981 | D:5      | HP: 2/70 [Duvessa (12)]
  4982 | D:5      | Mangled by Duvessa

Illustrated notes

Levels and vault maps discovered:
D:1:      kilobyte_arrival_exit_the_forest, layout_basic,
          ebering_ecumenical_altar_sacrificial, serial_shops, nicolae_shop_trees
D:2:      layout_basic
D:3:      layout_basic, nicolae_uskayaw_murder_on_the_dancefloor,
          cheibrodos_sewer_entry_bend, minmay_gold_behind_fungi,
          minmay_fountain_box, grunt_decor_one_mirror, uniq_crazy_yiuf_cottage
D:4:      layout_rooms, serial_bayou_lagoon_a, minmay_manual_mares, uniq_edmund
D:5:      layout_loops_corners, minmay_temple_entry_arrows, uniq_duvessa,
          uniq_grinder

Skill      XL: |  1  2  3  4  5  6  7  8 |
---------------+-------------------------+-----
Shields        | 3 4 |  4.3
Armour         | 3 4 5 |  5.1
Dodging        | 1 2 3 4 |  4.2
Fighting       | 4 5 6 |  6.2
Maces & Flails | 3 4 5 |  5.5

Action                   |  1- 3 |  4- 6 |  7- 9 || total
-------------------------+-------+-------+-------++-------
Melee: Flail             |    37 |       |       ||    37
       Dagger            |    81 |    57 |       ||   138
       Mace              |       |    26 |   118 ||   144
  Use: Potion            |       |     4 |       ||     4
Armor: Scale mail        |    49 |    20 |    57 ||   126
Dodge: Dodged            |    70 |    28 |    97 ||   195
Block: Buckler           |    38 |    20 |    28 ||    86

Table legend: (Time is in decaauts)
 A = Elapsed time spent in this place.
 B = Non-inter-level travel time spent in this place.
 C = Inter-level travel time spent in this place.
 D = Time resting spent in this place.
 E = Time spent auto-exploring this place.
 F = Levels seen in this place.
 G = Mean time per level.
                   A        B        C        D        E       F      G
               +--------+--------+--------+--------+--------+-----+--------+
         Total |   5056 |   4920 |    136 |    674 |   3343 |   5 | 1011.2 |
       Dungeon |   5056 |   4920 |    136 |    674 |   3343 |   5 | 1011.2 |
               +--------+--------+--------+--------+--------+-----+--------+

Top non-repeatable levels by time:
     D:3: 1550 daAuts
     D:1: 1176 daAuts
     D:5: 926 daAuts
     D:4: 831 daAuts
     D:2: 571 daAuts
